 Dungeon Crawl Stone Soup version 0.30-a0-672-gc3a7216ad8 (webtiles) character file.

Game seed: 7581566151305317889

26 Absynth the Sneak (level 3, -1/21 HPs)
             Began as a Kobold Brigand on Jan 18, 2023.
             Slain by a gnoll
             ... wielding a +0 whip
              (6 damage)
             ... on level 1 of the Dungeon.
             The game lasted 00:02:58 (875 turns).

Absynth the Sneak (Kobold Brigand)                   Turns: 875, Time: 00:02:59

Health: -1/21      AC:  2    Str:  8    XL:     3   Next: 22%
Magic:  3/3        EV: 14    Int: 14    God:
Gold:   34         SH:  0    Dex: 16    Spells: 2/2 levels left

rFire   + . .      SeeInvis .    a - +2 dagger
rCold   + . .      Faith    .    (no shield)
rNeg    . . .      Spirit   .    b - +0 robe
rPois   .          Reflect  .    (no helmet)
rElec   .          Harm     .    n - scarf {rC+ rF+}
rCorr   .          Rampage  .    (no gloves)
Will    .....                    (no boots)
Stlth   ++++                     (no amulet)
HPRegen 0.23/turn                (no ring)
MPRegen 0.08/turn                (no ring)

@: no status effects
A: small, no large weapons, nightstalker 3
a: no special abilities


You were on level 1 of the Dungeon.
You visited 1 branch of the dungeon, and saw 1 of its levels.

You collected 34 gold pieces.

Inventory:

Hand Weapons
 a - a +2 dagger (weapon)
Missiles
 d - 12 poisoned darts (quivered)
 e - 3 curare-tipped darts
Armour
 b - a +0 robe (worn)
 n - a scarf of resistance (worn)
Scrolls
 f - a scroll of vulnerability {unknown}
 g - a scroll of magic mapping {unknown}
 i - a scroll of blinking {unknown}
 j - a scroll of teleportation {unknown}
 k - a scroll of fog {unknown}
 l - 2 scrolls of identify {unknown}
Potions
 h - a potion of flight {unknown}
 m - a potion of curing {unknown}


   Skills:
 - Level 2.1 Fighting
 + Level 3.5 Short Blades
 - Level 2.1 Throwing
 + Level 2.2 Dodging
 + Level 5.8 Stealth


You had 2 spell levels left.
You didn't know any spells.
Your spell library contained the following spells:

 Spells                   Type           Power      Damage    Failure   Level
 Stone Arrow              Conj/Erth      0%         3d7       65%         3
 Animate Armour           Summ/Erth      0%         N/A       96%         4
 Lehudib's Crystal Spear  Conj/Erth      0%         10d2      100%        8


Dungeon Overview and Level Annotations

Branches:
Dungeon (1/15)

Altars:


Innate Abilities, Weirdness & Mutations

You are small and have problems with some larger weapons.
You are completely attuned to the shadows.


Message History

You impale the rat!!
You kill the rat!
No target in view!
You see here a rat corpse.
Things that are here:
a +0 cloak; a frilled lizard corpse
Things that are here:
a +0 cloak; a frilled lizard corpse A frilled lizard comes into view.
The frilled lizard hisses angrily.
The frilled lizard bites you.
You hit the frilled lizard.
You kill the frilled lizard!
Things that are here:
a +0 dagger; a stone A gnoll comes into view.
It is wielding a +0 whip.
The gnoll shouts!
The gnoll hits you with a +0 whip.
You hit the gnoll.
The gnoll is moderately wounded.
The gnoll barely misses you.
You barely miss the gnoll.
The gnoll is moderately wounded.
The gnoll hits you with a +0 whip!
* * * LOW HITPOINT WARNING * * *
You are too injured to fight recklessly!
You are too injured to fight recklessly!
You hit the gnoll but do no damage.
The gnoll is moderately wounded.
The gnoll hits you with a +0 whip.
* * * LOW HITPOINT WARNING * * *
You barely miss the gnoll.
The gnoll is moderately wounded.
You hit the gnoll.
The gnoll is heavily wounded.
The gnoll closely misses you.
You hit the gnoll.
The gnoll is almost dead.
The gnoll hits you with a +0 whip.
You die...

#.# #.#
#.##.##.#######.##### .#
#.####.##.##...........)..
.......##.##.########.####
.#...................#
............##########
......##.##.#
########.##.# #.# #.##.#
#.# #@##.# #.#### #g##.#
#†#.. ..##># #.#.#
#####.## #.#.########...#
#............#.#
#..#.#######...#
###..#.#### #####
#....#....#


You could see a gnoll.

Vanquished Creatures
  A bat (D:1)
  5 endoplasms (D:1)
  2 goblins (D:1)
  3 hobgoblins (D:1)
  A kobold (D:1)
  A quokka (D:1)
  5 frilled lizards (D:1)
  7 rats (D:1)
25 creatures vanquished.

Notes
Turn   | Place    | Note
-------+----------+-------------------------------------------
     0 | D:1      | Absynth the Kobold Brigand began the quest for the Orb.
     0 | D:1      | Reached XP level 1. HP: 12/12 MP: 1/1
   142 | D:1      | Reached XP level 2. HP: 17/17 MP: 2/2
   416 | D:1      | Reached XP level 3. HP: 20/21 MP: 3/3
   875 | D:1      | Slain by a gnoll

Illustrated notes

Levels and vault maps discovered:
D:1:      eino_arrival_cavern_b, layout_loops_ring

Skill      XL: |  1  2 |
---------------+-------+-----
Short Blades   | 3 |  3.5
Dodging        | 2 |  2.2
Fighting       | |  2.1
Throwing       | |  2.1
Stealth        | |  5.8

Action                   || total
-------------------------++-------
Melee: Dagger            ||    56
       Punch             ||     1
 Stab: Sleeping          ||    11
       Distracted        ||     1
Armor: Robe              ||     3
Dodge: Dodged            ||    20

Table legend: (Time is in decaauts)
 A = Elapsed time spent in this place.
 B = Non-inter-level travel time spent in this place.
 C = Inter-level travel time spent in this place.
 D = Time resting spent in this place.
 E = Time spent auto-exploring this place.
 F = Levels seen in this place.
 G = Mean time per level.
                   A        B        C        D        E       F      G
               +--------+--------+--------+--------+--------+-----+--------+
         Total |    866 |    866 |      0 |     39 |    657 |   1 |  866.0 |
       Dungeon |    866 |    866 |      0 |     39 |    657 |   1 |  866.0 |
               +--------+--------+--------+--------+--------+-----+--------+

Top non-repeatable levels by time:
     D:1: 866 daAuts
